 Dungeon Crawl Stone Soup version 0.29-a0-575-g0dc89cf053 (webtiles) character file.

Game seed: 12645324564976800358

15030 borisvolfson86 the Severer (level 11, -7/99 HPs)
             Began as a Minotaur Berserker on June 13, 2022.
             Was a High Priest of Trog.
             Mangled by a death yak (17 damage)
             ... in an ice cave.
             The game lasted 00:26:19 (10943 turns).

borisvolfson86 the Severer (Minotaur Berserker)    Turns: 10943, Time: 00:26:21

Health: -7/99      AC: 24    Str: 25    XL:     11   Next: 96%
Magic:  10/10      EV:  6    Int:  4    God:    Trog [*****.]
Gold:   535        SH:  0    Dex: 13    Spells: 10/10 levels left

rFire   + . .      SeeInvis .   U - +9 executioner's axe "Xiurphub" {vorpal, Fly rF+ Will- Dex+2}
rCold   + + .      Faith    .   (shield currently unavailable)
rNeg    . . .      Spirit   .   a - +2 crystal plate armour {rC+}
rPois   .          Reflect  .   (helmet restricted)
rElec   .          Harm     .   (no cloak)
rCorr   .          Rampage  .   (no gloves)
Will    .....                   F - +0 pair of boots
Stlth   ..........              (no amulet)
HPRegen 0.26/turn               g - ring of protection from cold
MPRegen 0.12/turn               (no ring)

@: mighty, on berserk cooldown, flying, slowed, very slow
A: horns 2, retaliatory headbutt
a: Renounce Religion, Berserk, Trog's Hand, Brothers in Arms


You were in an ice cave.
You worshipped Trog.
Trog was extremely pleased with you.
You visited 3 branches of the dungeon, and saw 11 of its levels.
You also visited: Ossuary and Ice Cave.

You collected 563 gold pieces.
You spent 28 gold pieces at shops.

Inventory:

Hand Weapons
 u - a +0 mace
 v - a +0 war axe
 E - a +1 war axe of electrocution
 L - a +1 whip of flaming
 P - a +0 war axe of holy wrath
 R - a +3 morningstar of freezing
 U - the +9 executioner's axe "Xiurphub" (weapon) {vorpal, Fly rF+ Will- Dex+2}
   (Trog gifted it to you in an ice cave)

   It inflicts extra damage upon your enemies.
   Dex:       It affects your dexterity (+2).
   rF:        It protects you from fire.
   Fly:       It grants you flight.
   Will:      It decreases your willpower.
 Y - a +4 battleaxe
Missiles
 O - 5 javelins (quivered)
 V - a throwing net
 W - 5 silver boomerangs
Armour
 a - a +2 crystal plate armour of cold resistance (worn)
 i - the +1 Delatra's gloves {ID++}
   (You found it on level 4 of the Dungeon)

   It heals its wearer when they drink unknown potions.
   It restores its wearer's MP when they read unknown scrolls.
 l - a +0 chain mail
 s - a +0 pair of boots
 F - a +0 pair of boots (worn)
 Q - a +0 plate armour
Jewellery
 g - a ring of protection from cold (left hand)
 m - a ring of flight
Wands
 C - a wand of iceblast (8)
 I - a wand of acid (8)
 Z - a wand of paralysis (6)
Scrolls
 d - 3 scrolls of enchant weapon {unknown}
 h - 2 scrolls of immolation {unknown}
 j - 2 scrolls of magic mapping
 k - 3 scrolls of torment
 p - a scroll of enchant armour {unknown}
 r - 5 scrolls of amnesia
 t - 5 scrolls of noise {unknown}
 w - a scroll of brand weapon {unknown}
 y - a scroll of silence {unknown}
 G - 2 scrolls of blinking {unknown}
 H - a scroll of acquirement {unknown}
 J - a scroll of fear {unknown}
 K - 2 scrolls of vulnerability {unknown}
 N - a scroll of fog {unknown}
 T - a scroll of identify
Potions
 b - 3 potions of might
 c - 3 potions of magic {unknown}
 e - 2 potions of haste {unknown}
 f - 3 potions of invisibility
 n - 2 potions of brilliance {unknown}
 o - 5 potions of curing
 q - 4 potions of attraction {unknown}
 x - 2 potions of ambrosia {unknown}
 z - 5 potions of resistance
 A - a potion of cancellation {unknown}
 B - 2 potions of flight {unknown}
 D - 2 potions of lignification {unknown}
 M - a potion of heal wounds {unknown}
 S - 2 potions of mutation {unknown}
 X - a potion of degeneration {unknown}


   Skills:
 + Level 10.1 Fighting
 * Level 18.2 Axes
 + Level 1.9 Throwing
 + Level 10.4 Armour
 + Level 3.1 Dodging
 + Level 1.2 Stealth


You had 10 spell levels left.
You didn't know any spells.
Your spell library contained the following spells:

 Spells                   Type           Power      Damage    Failure   Level
 Blink                    Tloc           0%         N/A       100%        2
 Portal Projectile        Hex/Tloc       0%         N/A       100%        3
 Tukima's Dance           Hex            0%         N/A       100%        3
 Blade Hands              Tmut           0%         N/A       100%        5
 Manifold Assault         Tloc           0%         N/A       100%        5
 Summon Forest            Summ/Tloc      0%         N/A       100%        5
 Summon Mana Viper        Hex/Summ       0%         N/A       100%        5
 Summon Cactus Giant      Summ           0%         N/A       100%        6
 Storm Form               Tmut/Air       0%         N/A       100%        7


Dungeon Overview and Level Annotations

Branches:
Dungeon (9/15)             Temple (1/1) D:5            Lair (1/6) D:9
Ossuary (visited)           IceCv (1/1)
    Orc: D:9-12

Altars:
Ashenzari
Cheibriados
Dithmenos
Elyvilon
Fedhas
Gozag
Hepliaklqana
Kikubaaqudgha
Makhleb
Nemelex Xobeh
Okawaru
Ru
Sif Muna
Trog
Uskayaw
Vehumet
Wu Jian
Xom
Yredelemnul
Zin
The Shining One

Shops:
D:6 :   D:7 *


Innate Abilities, Weirdness & Mutations

You have a pair of horns on your head.
You reflexively headbutt those who attack you in melee.


Message History

The frost giant hits you with a +2 battleaxe of freezing!
The frost giant freezes you.
You slash the death yak!
You kill the death yak!
Trog accepts your kill.
You slice the frost giant!! The wolf completely misses you.
You cut the wolf into ribbons!!!
You feel the power of Trog in you as your rage grows.
You kill the wolf!
Trog accepts your kill.
You slash the frost giant! The frost giant casts a spell at you.
The bolt of cold hits you. You resist.
You closely miss the polar bear. You slash the frost giant!
The polar bear bites you! The polar bear closely misses you.
The polar bear claws you.
The frost giant hits you with a +2 battleaxe of freezing!!
You feel a strong urge to attack something.
You are no longer berserk.
You are exhausted.
You feel yourself slow down.
You slash the polar bear!
The polar bear is lightly wounded.
The polar bear bites you but does no damage.
The polar bear claws you but does no damage.
The polar bear barely misses you.
You slash the death yak! You headbutt the death yak!
The death yak is moderately wounded.
The death yak gores you!
* * * LOW HITPOINT WARNING * * *
The death yak gores you but does no damage.
You feel better. The death yak gores you!!
* * * LOW HITPOINT WARNING * * *
You feel very mighty all of a sudden.
The polar bear bites you but does no damage.
The polar bear claws you but does no damage. x2
The death yak gores you!
* * * LOW HITPOINT WARNING * * *
The death yak gores you!
You die...

##.# ###
#...#### ##.##
[$#...Y#.#
##.#.#
#....Yh#h##
##.#.##
#C.#.## #.####
##.##.# #..##
#####.##
##...#
##..#C##
##..⌠.#
#..@Yh.#
#.....##
##.##Y..#
##..#...#
#..##..[#
#..###..##
#.####.####.##
##..# #..#####
#..# ##.#
###...## ##..#
##.# #..#...#
#..## #.##
##.#...# #.##
#.##
##.###..##
#..# #..#


You could see a frost giant, 2 death yaks and a polar bear.

Vanquished Creatures
  2 two-headed ogres
  2 death yaks (IceCv)
  A cyclops (D:9)
  An ugly thing (IceCv)
  An ice statue (IceCv)
  An unseen horror zombie (D:9)
  2 rime drakes (IceCv)
  2 komodo dragons
  7 polar bears (IceCv)
  A shadow (D:8)
  24 yaks
  An acid dragon (D:9)
  A water moccasin (Lair:1)
  An ice beast (D:7)
  An orc warrior (D:7)
  3 black bears
  A hornet zombie (D:9)
  A centaur (D:9)
  2 ogres (D:5)
  15 wolves (IceCv)
  2 phantoms
  An elf zombie (Ossuary)
  2 kobold brigands
  4 bullfrogs
  8 necrophages
  A gnoll sergeant (D:8)
  A scorpion (D:5)
  10 wights
  A howler monkey (D:6)
  6 centaur zombies
  6 human zombies (Ossuary)
  7 orc priests
  2 jellies (D:6)
  A hound (D:6)
  An iguana (D:5)
  9 orc wizards
  A killer bee zombie (D:9)
  4 mummies
  6 gnolls
  3 adders
  A shadow imp (D:7)
  14 white imps
  An ufetubus (D:5)
  A worm (D:2)
  4 dart slugs
  31 orcs
  6 bats
  5 endoplasms
  3 giant cockroaches
  6 goblins
  7 hobgoblins
  10 jackals
  6 quokkas
  4 ball pythons
  3 frilled lizards
  15 kobolds
  8 rats
271 creatures vanquished.

Vanquished Creatures (others)
  15 plants (D:9)
15 creatures vanquished.

Grand Total: 286 creatures vanquished

Notes
Turn   | Place    | Note
-------+----------+-------------------------------------------
     0 | D:1      | borisvolfson86 the Minotaur Berserker began the quest for
                  | the Orb.
     0 | D:1      | Reached XP level 1. HP: 19/19 MP: 0/0
   147 | D:1      | Found a faded altar of an unknown god.
   293 | D:1      | Reached XP level 2. HP: 27/27 MP: 1/1
   339 | D:1      | Reached skill level 4 in Axes
   679 | D:1      | Reached XP level 3. HP: 31/33 MP: 2/2
   853 | D:2      | Reached ** piety under Trog
  1617 | D:3      | Reached XP level 4. HP: 41/41 MP: 3/3
  1838 | D:3      | Reached skill level 5 in Axes
  1977 | D:3      | Reached XP level 5. HP: 45/47 MP: 4/4
  2434 | D:4      | Found the +1 Delatra's gloves {ID++}
  2451 | D:4      | Reached skill level 6 in Axes
  2544 | D:4      | Noticed a phantom
  2551 | D:4      | Killed a phantom
  2552 | D:4      | Reached XP level 6. HP: 55/55 MP: 5/5
  3032 | D:4      | Found a sand-covered staircase.
  3037 | Ossuary  | Entered an ossuary
  3059 | Ossuary  | Reached skill level 7 in Axes
  3078 | Ossuary  | Reached *** piety under Trog
  3307 | Ossuary  | Reached skill level 5 in Fighting
  3307 | Ossuary  | Reached XP level 7. HP: 61/61 MP: 6/6
  3318 | Ossuary  | Reached skill level 8 in Axes
  3518 | D:5      | Entered Level 5 of the Dungeon
  3569 | D:5      | Reached skill level 9 in Axes
  3569 | D:5      | Reached skill level 5 in Armour
  3600 | D:5      | Noticed a two-headed ogre
  3613 | D:5      | Killed a two-headed ogre
  3614 | D:5      | Reached skill level 11 in Axes
  3614 | D:5      | Reached XP level 8. HP: 35/70 MP: 7/7
  4078 | D:5      | Found a staircase to the Ecumenical Temple.
  4085 | Temple   | Entered the Ecumenical Temple
  5029 | D:6      | Reached XP level 9. HP: 75/75 MP: 8/8
  5029 | D:6      | Found Jeick's Self-Improvement Boutique.
  5056 | D:6      | Reached skill level 12 in Axes
  5123 | D:6      | Reached **** piety under Trog
  6495 | D:7      | Reached skill level 13 in Axes
  6602 | D:7      | Found Ydoirph's General Store.
  6605 | D:7      | Found Mutorin's Specific Store.
  6610 | D:7      | Bought a scroll of identify for 28 gold pieces
  7412 | D:8      | Reached skill level 1 in Stealth
  7613 | D:8      | Found a basalt altar of Yredelemnul.
  7938 | D:9      | Reached XP level 10. HP: 56/84 MP: 9/9
  8205 | D:9      | Reached ***** piety under Trog
  8209 | D:9      | Reached skill level 14 in Axes
  8223 | D:9      | Noticed a two-headed ogre
  8230 | D:9      | Killed a two-headed ogre
  8509 | D:9      | Reached skill level 1 in Throwing
  8587 | D:9      | Reached skill level 15 in Axes
  8857 | D:9      | Noticed a cyclops
  8862 | D:9      | Killed a cyclops
  8884 | D:9      | Found a staircase to the Lair.
  9361 | Lair:1   | Entered Level 1 of the Lair of Beasts
  9364 | Lair:1   | Found a bloodstained altar of Trog.
  9374 | Lair:1   | Found a frozen archway.
  9400 | Lair:1   | Reached XP level 11. HP: 69/95 MP: 10/10
  9402 | IceCv    | Entered an ice cave
  9616 | IceCv    | Reached skill level 16 in Axes
  9618 | IceCv    | Reached skill level 10 in Armour
 10317 | IceCv    | Reached skill level 17 in Axes
 10538 | IceCv    | Noticed a white ugly thing
 10554 | IceCv    | Killed a white ugly thing
 10782 | IceCv    | Noticed a death yak
 10803 | IceCv    | Killed a death yak
 10808 | IceCv    | Identified the +9 executioner's axe "Xiurphub" {vorpal, Fly
                  | rF+ Will- Dex+2} (Trog gifted it to you in an ice cave)
 10808 | IceCv    | Received a gift from Trog
 10915 | IceCv    | Reached skill level 18 in Axes
 10923 | IceCv    | Noticed a death yak
 10923 | IceCv    | Noticed a death yak
 10923 | IceCv    | Noticed a frost giant
 10923 | IceCv    | Noticed a death yak
 10926 | IceCv    | Reached skill level 10 in Fighting
 10930 | IceCv    | Killed a death yak
 10943 | IceCv    | Mangled by a death yak

Illustrated notes

Levels and vault maps discovered:
D:1:      minmay_arrival_checkered_box, layout_rooms,
          dilly_ecumenical_altar_fadedgnrine
D:2:      layout_loops_ring, minivault_23, kennysheep_generic_room_4
D:3:      layout_loops_ring, minivault_27
D:4:      nicolae_cairo_tiling_large_dashed, layout_loops_ring, enter_ossuary_5
D:5:      layout_loops_corners, minmay_temple_entry_proselytizer, st_stairs_3,
          feat_on_display
D:6:      layout_cave_pods, nicolae_shop_self_help
D:7:      layout_cave_pods, nicolae_specific_store
D:8:      layout_loops_ring, mainiacjoe_overflow_surrounded_room,
          patterned_corridor
D:9:      layout_rooms, david_lair_shrubbed, serial_undead, serial_undead_d,
          serial_undead_a, serial_undead_a, serial_undead_d, serial_undead_e,
          serial_undead_d
Temple:   mainiacjoe_temple_cubbyholes
Lair:1:   minmay_lair_venomous_thicket, layout_small_grid,
          portal_ice_cave_entry_imps, basic_altar, nicolae_lair_lindhole,
          lemuel_fruit_fields, lemuel_fruit_fields, serial_bayou_shore_b,
          lemuel_fruit_tree
IceCv:    ice_cave_caverns_01

Skill      XL: |  1  2  3  4  5  6  7  8  9 10 11 |
---------------+----------------------------------+-----
Fighting       | 4 5 6 7 8 10 | 10.1
Axes           | 4 5 6 7 11 13 15 18 | 18.2
Armour         | 3 4 5 6 8 9 10 | 10.4
Dodging        | 3 |  3.1
Stealth        | 1 |  1.2
Throwing       | 1 |  1.9

Action                   |  1- 3 |  4- 6 |  7- 9 | 10-12 || total
-------------------------+-------+-------+-------+-------++-------
Melee: Hand axe          |    99 |    52 |       |       ||   151
       Headbutt          |    17 |    13 |    47 |    60 ||   137
       Punch             |       |     4 |     4 |       ||     8
       War axe           |       |    51 |   210 |    11 ||   272
       Battleaxe         |       |       |       |   208 ||   208
       Executioner's axe |       |       |       |    13 ||    13
Throw: Javelin           |       |       |     4 |     8 ||    12
Invok: Berserk           |       |     2 |     3 |     4 ||     9
  Use: Scroll            |       |       |       |     8 ||     8
       Potion            |       |       |       |     2 ||     2
Armor: Leather armour    |     8 |       |       |       ||     8
       Chain mail        |    30 |    53 |    72 |       ||   155
       Plate armour      |       |       |    35 |   101 ||   136
       Crystal plate arm |       |       |       |    45 ||    45
Dodge: Dodged            |    45 |    39 |    88 |    95 ||   267

Table legend: (Time is in decaauts)
 A = Elapsed time spent in this place.
 B = Non-inter-level travel time spent in this place.
 C = Inter-level travel time spent in this place.
 D = Time resting spent in this place.
 E = Time spent auto-exploring this place.
 F = Levels seen in this place.
 G = Mean time per level.
                   A        B        C        D        E       F      G
               +--------+--------+--------+--------+--------+-----+--------+
         Total |  10993 |  10675 |    318 |   1417 |   7741 |  13 |  845.6 |
       Dungeon |   8653 |   8388 |    265 |    374 |   6870 |   9 |  961.4 |
        Temple |    342 |    289 |     53 |      0 |    286 |   1 |  342.0 |
          Lair |     37 |     37 |      0 |      0 |      0 |   1 |   37.0 |
       Ossuary |    423 |    423 |      0 |    193 |    108 |   1 |  423.0 |
      Ice Cave |   1535 |   1535 |      0 |    849 |    477 |   1 | 1535.0 |
               +--------+--------+--------+--------+--------+-----+--------+

Top non-repeatable levels by time:
   IceCv: 1535 daAuts
     D:9: 1446 daAuts
     D:5: 1092 daAuts
     D:8: 1030 daAuts
     D:7: 1004 daAuts
     D:6: 945 daAuts
     D:1: 855 daAuts
     D:4: 772 daAuts
     D:3: 755 daAuts
     D:2: 751 daAuts
 Ossuary: 423 daAuts
  Temple: 342 daAuts
  Lair:1: 37 daAuts
